 Dungeon Crawl Stone Soup version 0.29-a0-270-g1586fc07ea (webtiles) character file.

Game seed: 5336117572798627442

1341 testman the Purveyor of Pain (level 8, -6/56 (62) HPs)
             Began as a Deep Dwarf Necromancer on Mar 7, 2022.
             Was an Initiate of Kikubaaqudgha.
             Mangled by an ogre
             ... wielding a +0 giant club
              (15 damage)
             ... on level 6 of the Dungeon.
             The game lasted 00:31:49 (4933 turns).

testman the Purveyor of Pain (DDNe)                 Turns: 4933, Time: 00:31:50

HP:   -6/56 (62)    AC:  5    Str: 11 (12) XL:     8   Next: 35%
MP:   12/12         EV: 11    Int: 15 (18) God:    Kikubaaqudgha [......]
Gold: 192           SH:  0    Dex: 11 (13) Spells: 5/14 levels left

rFire   . . .      SeeInvis .   r - +2 dagger (elec)
rCold   . . .      Faith    .   (no shield)
rNeg    + . .      Spirit   .   D - +0 leather armour {rN+}
rPois   .          Reflect  .   o - +0 helmet
rElec   .          Harm     .   (no cloak)
rCorr   .          Rampage  .   l - +0 pair of gloves
Will    +....                   (no boots)
Stlth   ++........              f - amulet of magic regeneration
HPRegen 0.00/turn               (no ring)
MPRegen 0.53/turn               (no ring)

@: mighty, flying, mesmerised, drained
A: damage resistance, heal wounds, sense surroundings 1, no regeneration
a: Heal Wounds, Renounce Religion


You were on level 6 of the Dungeon.
You worshipped Kikubaaqudgha.
Kikubaaqudgha was noncommittal.
You visited 2 branches of the dungeon, and saw 7 of its levels.

You collected 192 gold pieces.

Inventory:

Hand Weapons
 i - a +0 falchion
 n - a +2 dagger of venom
 r - a +2 dagger of electrocution (weapon)
 C - a +0 hunting sling
Missiles
 c - 270 stones
 h - 2 poisoned darts
 z - 2 javelins
Armour
 a - a +0 robe
 l - a +0 pair of gloves (worn)
 o - a +0 helmet (worn)
 D - a +0 leather armour of positive energy (worn)
Jewellery
 f - an amulet of magic regeneration (around neck)
 t - an amulet of the acrobat
Wands
 E - a wand of polymorph (1)
Scrolls
 d - 9 scrolls of identify {unknown}
 e - a scroll of brand weapon {unknown}
 g - 2 scrolls of blinking {unknown}
 m - a scroll of vulnerability {unknown}
 q - 3 scrolls of enchant weapon {unknown}
 s - a scroll of amnesia {unknown}
 w - a scroll of silence {unknown}
 x - a scroll of fog {unknown}
 y - 2 scrolls of holy word {unknown}
Potions
 b - a potion of magic
 j - 3 potions of curing
 v - a potion of attraction {unknown}
 A - a potion of lignification {unknown}
 B - a potion of might


   Skills:
 - Level 2.1 Dodging
 - Level 2.4 Stealth
 + Level 3.7 Spellcasting
 - Level 11.2 Necromancy


You had 5 spell levels left.
You knew the following spells:

 Your Spells              Type           Power      Damage    Failure   Level
a - Pain                  Necr           100%       1d9       1%          1
b - Animate Skeleton      Necr           72%        N/A       1%          1
c - Vampiric Draining     Necr           36%        2d8       1%          3
d - Animate Dead          Necr           18%        N/A       2%          4

Your spell library contained the following spells:

 Spells                   Type           Power      Damage    Failure   Level
 Agony                    Necr           36%        N/A       7%          5
 Ozocubu's Armour         Ice            2%         N/A       58%         3
 Haunt                    Necr/Summ      9%         N/A       100%        7
 Ozocubu's Refrigeration  Ice            1%         4d5       100%        7
 Infestation              Necr           18%        N/A       100%        8


Dungeon Overview and Level Annotations

Branches:
Dungeon (6/15)             Temple (1/1) D:5

Altars:
Ashenzari
Cheibriados
Dithmenos
Elyvilon
Fedhas
Gozag
Hepliaklqana
Kikubaaqudgha
Makhleb
Nemelex Xobeh
Okawaru
Qazlal
Sif Muna
Trog
Uskayaw
Vehumet
Wu Jian
Xom
The Shining One

Shops:
D:2 :   D:3 *

Annotations:
D:6 Maggie


Innate Abilities, Weirdness & Mutations

You are resistant to damage.
You can heal yourself by infusing magical energy.
You passively map a small area around you.
You do not regenerate.


Message History

You hit the ogre but do no damage.
An ufetubus comes into view.
Maggie closely misses you. The ogre closely misses you.
You barely miss the ogre.
Maggie mumbles some strange words.
Maggie draws you further into her thrall.
The ufetubus shouts!
You barely miss the ogre. The ogre hits you with a +0 giant club.
Maggie closely misses you.
You hit the ogre but do no damage. The ogre barely misses you.
Maggie hits you from afar with a +4 glaive of draining!!
You partially resist.
You feel drained.
You cannot move away from Maggie!
You hit the ogre. You punch the ogre.
The ogre is moderately wounded.
Maggie hits you from afar with a +4 glaive of draining.
You partially resist.
You feel drained.
It was a potion of might.
You feel very mighty all of a sudden. The ogre hits you with a +0 giant club.
* * * LOW HITPOINT WARNING * * *
Maggie mumbles the words to a spell, but in the wrong order.
Maggie hits you from afar with a +4 glaive of draining!
* * * LOW HITPOINT WARNING * * *
You partially resist.
You feel drained.
* * * LOW HITPOINT WARNING * * *
It was a potion of heal wounds.
You feel much better. Maggie misses you.
The ogre hits you with a +0 giant club!!
* * * LOW HITPOINT WARNING * * *
It was a potion of flight.
You feel very buoyant.
You fly up into the air.
Maggie gestures wildly while chanting.
Maggie draws you further into her thrall.
It was a potion of degeneration.
There was something very wrong with that liquid.
You feel weakened.
You feel dopey.
You feel clumsy. The ogre hits you with a +0 giant club!
You die...
Kikubaaqudgha rasps: "You have failed me!
Welcome... death!"

* *.#.# , , ,
##.#. * * , #....
, , * * .# ..
,.... , , ..###.*
#..# *
....#.###..####.#
,
,...O..#.........#
* #..@#.#.#* * ,
*#....#@#####. , ,
#.#.YO........
*#...@#.......#*
#.#.#.#.#.###.# *
* * #........#.# *
.....#.###.#* *
###.###.., ,. * #.
...* ,# * # ##.. ,


You could see Maggie (mesmerising), an ice beast and an ogre.

Vanquished Creatures
  Pikel (D:5)
  Eustachio (D:5)
  Menkaure (D:5)
  A water moccasin (D:5)
  Blork the orc (D:6)
  A necrophage (D:5)
  A scorpion (D:5)
  A howler monkey (D:5)
  2 jellies (D:5)
  An orc priest (D:3)
  Robin (D:2)
  7 adders
  A gnoll (D:1)
  An ufetubus (D:5)
  3 worms
  A dart slug (D:2)
  8 orcs
  7 ball pythons
  5 endoplasms
  3 giant cockroaches
  11 goblins
  8 hobgoblins
  4 jackals (D:1)
  6 quokkas
  6 bats (D:1)
  4 frilled lizards
  3 kobolds
  4 rats
94 creatures vanquished.

Notes
Turn   | Place    | Note
-------+----------+-------------------------------------------
     0 | D:1      | testman the Deep Dwarf Necromancer began the quest for the
                  | Orb.
     0 | D:1      | Reached XP level 1. HP: 15/15 MP: 3/3
    16 | D:1      | Reached XP level 2. HP: 22/22 MP: 0/5
    18 | D:1      | Learned a level 1 spell: Animate Skeleton
   305 | D:1      | Reached skill level 5 in Necromancy
   416 | D:1      | Reached XP level 3. HP: 22/28 MP: 6/6
   420 | D:1      | Learned a level 3 spell: Vampiric Draining
   998 | D:2      | Found Iteklo's Book Shoppe.
  1019 | D:2      | Noticed Robin
  1070 | D:2      | Killed Robin
  1071 | D:2      | Reached skill level 6 in Necromancy
  1071 | D:2      | Reached XP level 4. HP: 35/36 MP: 7/7
  1935 | D:3      | Found Gozag's Platinum Reserve.
  1974 | D:3      | Reached skill level 7 in Necromancy
  1974 | D:3      | Reached XP level 5. HP: 37/42 MP: 4/8
  2349 | D:3      | Found an opulent altar of Gozag.
  2946 | D:4      | Noticed an ogre
  3643 | D:5      | Entered Level 5 of the Dungeon
  3675 | D:5      | Noticed a water moccasin
  3689 | D:5      | Killed a water moccasin
  3690 | D:5      | Reached skill level 8 in Necromancy
  3690 | D:5      | Reached XP level 6. HP: 49/49 MP: 3/9
  3695 | D:5      | Learned a level 4 spell: Animate Dead
  3720 | D:5      | Noticed Pikel
  3753 | D:5      | Killed Pikel
  3754 | D:5      | Reached skill level 10 in Necromancy
  3754 | D:5      | Reached XP level 7. HP: 39/55 MP: 0/10
  3804 | D:5      | Noticed Menkaure
  4165 | D:5      | Noticed Eustachio
  4337 | D:5      | Killed Eustachio
  4338 | D:5      | Reached skill level 11 in Necromancy
  4338 | D:5      | Reached XP level 8. HP: 46/62 MP: 5/11
  4368 | D:5      | Found a staircase to the Ecumenical Temple.
  4376 | Temple   | Entered the Ecumenical Temple
  4685 | Temple   | Became a worshipper of Kikubaaqudgha
  4795 | D:5      | Killed Menkaure
  4901 | D:6      | Noticed Blork the orc
  4904 | D:6      | Killed Blork the orc
  4916 | D:6      | Noticed Maggie
  4933 | D:6      | Mangled by an ogre

Illustrated notes

Levels and vault maps discovered:
D:1:      tarquinn_simple_flora_water_e, layout_loops_corners,
          nicolae_grassy_gnolls
D:2:      cheibrodos_helix_gallery, layout_basic, serial_shops, shop,
          chequers_serial_rivers_micro_d, minmay_indecisive_spiral, uniq_robin
D:3:      layout_loops_ring, nicolae_gozag_zags_fifth_avenue, serial_rivers,
          chequers_serial_rivers_small_3, chequers_serial_rivers_micro_d,
          chequers_serial_rivers_small_3, chequers_serial_rivers_small_b,
          chequers_serial_rivers_micro_c, skrybe_limestone_x
D:4:      nicolae_cairo_tiling, layout_loops_corners
D:5:      layout_loops_ring, minmay_temple_entry_statues_fountains,
          uniq_menkaure, uniq_eustachio, uniq_pikel
D:6:      layout_loops_ring, uniq_edmund, uniq_blork_the_orc, uniq_maggie
Temple:   dpeg_five_rooms_temple

Skill      XL: |  1  2  3  4  5  6  7  8 |
---------------+-------------------------+-----
Spellcasting   | 2 3 |  3.7
Necromancy     | 5 6 7 8 10 11 | 11.2
Dodging        | |  2.1
Stealth        | |  2.4

Action                   |  1- 3 |  4- 6 |  7- 9 || total
-------------------------+-------+-------+-------++-------
Melee: Unarmed           |     2 |       |       ||     2
       Flail             |    12 |       |       ||    12
       Falchion          |    25 |       |       ||    25
       Dagger            |     4 |    36 |    32 ||    72
       Punch             |       |       |     1 ||     1
 Fire: Hunting sling     |       |       |     4 ||     4
Throw: Javelin           |       |       |     1 ||     1
 Cast: Pain              |    34 |    49 |    10 ||    93
       Animate Skeleton  |     1 |       |       ||     1
       Vampiric Draining |     5 |    16 |    11 ||    32
 Abil: Heal Wounds       |       |       |     1 ||     1
  Use: Potion            |       |       |     4 ||     4
 Stab: Sleeping          |     2 |     2 |     2 ||     6
Armor: Robe              |    21 |     6 |     2 ||    29
       Leather armour    |       |       |     1 ||     1
Dodge: Dodged            |    25 |    33 |    16 ||    74

Table legend: (Time is in decaauts)
 A = Elapsed time spent in this place.
 B = Non-inter-level travel time spent in this place.
 C = Inter-level travel time spent in this place.
 D = Time resting spent in this place.
 E = Time spent auto-exploring this place.
 F = Levels seen in this place.
 G = Mean time per level.
                   A        B        C        D        E       F      G
               +--------+--------+--------+--------+--------+-----+--------+
         Total |   4966 |   4404 |    562 |    339 |   3272 |   7 |  709.4 |
       Dungeon |   4626 |   4143 |    483 |    339 |   3024 |   6 |  771.0 |
        Temple |    339 |    260 |     79 |      0 |    248 |   1 |  339.0 |
               +--------+--------+--------+--------+--------+-----+--------+

Top non-repeatable levels by time:
     D:4: 998 daAuts
     D:1: 976 daAuts
     D:3: 964 daAuts
     D:5: 858 daAuts
     D:2: 796 daAuts
  Temple: 339 daAuts
     D:6: 31 daAuts
